 Dungeon Crawl Stone Soup version 0.29.0-15-g675c0067aa (webtiles) character file.

Game seed: 1351999180070328449

60106 Acheron the Severer (level 14, -13/119 HPs)
             Began as a Minotaur Berserker on Sept 11, 2022.
             Was a High Priest of Trog.
             Mangled by Agnes
             ... wielding a +0 vampiric lajatang
              (23 damage)
             ... on level 2 of the Spider Nest.
             The game lasted 01:50:39 (16076 turns).

Acheron the Severer (Minotaur Berserker)           Turns: 16076, Time: 01:50:40

Health: -13/119    AC: 24    Str: 25 (27) XL:     14   Next: 55%
Magic:  13/13      EV: 13    Int:  6      God:    Trog [*****.]
Gold:   1418       SH:  0    Dex:  7 (12) Spells: 13/13 levels left

rFire   . . .      SeeInvis .   w - +5 war axe (drain)
rCold   . . .      Faith    .   (no shield)
rNeg    + + +      Spirit   .   V - +3 ring mail of Palae {rPois rN+++ Str+4 Stlth+}
rPois   +          Reflect  .   (helmet restricted)
rElec   .          Harm     .   o - +1 cloak
rCorr   +          Rampage  .   k - +2 pair of gloves
Will    +++..                   s - +2 pair of boots
Stlth   ++++......              f - amulet of regeneration
HPRegen 2.09/turn               Q - +4 ring of protection
MPRegen 0.13/turn               P - ring of resist corrosion

@: mighty, strong-willed, regenerating, hasted, very quick
A: horns 2, retaliatory headbutt, deterioration 1, frail 1
a: Renounce Religion, Berserk, Trog's Hand, Brothers in Arms


You were on level 2 of the Spider Nest.
You worshipped Trog.
Trog was extremely pleased with you.
You visited 6 branches of the dungeon, and saw 25 of its levels.
You also visited: Volcano.

You collected 1558 gold pieces.
You spent 140 gold pieces at shops.

Inventory:

Hand Weapons
 w - a +5 war axe of draining (weapon)
 H - the +10 dark maul {vorpal}
   (You took it off a two-headed ogre on level 12 of the Dungeon)

   It inflicts extra damage upon your enemies.
 I - a +3 lajatang
 R - a +5 battleaxe of flaming
 S - a +1 short sword of flaming
Missiles
 j - a throwing net
 n - 5 javelins
 r - 20 boomerangs (quivered)
 B - 4 atropa-tipped darts
Armour
 k - a +2 pair of gloves (worn)
 o - a +1 cloak (worn)
 s - a +2 pair of boots (worn)
 C - a +1 chain mail of fire resistance
 V - the +3 ring mail of Palae (worn) {rPois rN+++ Str+4 Stlth+}
   (You found it on level 5 of the Lair of Beasts)

   Str:       It affects your strength (+4).
   rPois:     It protects you from poison.
   rN:        It renders you almost immune to negative energy.
   Stlth:     It makes you more stealthy.
Jewellery
 c - a ring of willpower
 f - an amulet of regeneration (around neck)
 p - an amulet of the acrobat
 q - a ring of protection from cold
 P - a ring of resist corrosion (right hand)
 Q - a +4 ring of protection (left hand)
Wands
 g - a wand of charming (5)
 i - a wand of flame (27)
 y - a wand of light (4)
 A - a wand of iceblast (15)
 T - a wand of polymorph (13)
Scrolls
 e - 3 scrolls of blinking
 m - 2 scrolls of teleportation
 D - a scroll of silence
 F - 3 scrolls of fear
 K - 2 scrolls of poison
 L - a scroll of magic mapping
 O - 2 scrolls of fog
Potions
 a - 3 potions of curing
 b - 4 potions of mutation
 d - 3 potions of flight
 h - 5 potions of invisibility
 l - a potion of cancellation
 t - 2 potions of brilliance
 u - 3 potions of resistance
 x - a potion of berserk rage
 z - a potion of might
 G - 3 potions of lignification
 M - 2 potions of magic
 N - 3 potions of haste
Miscellaneous
 J - a phantom mirror


   Skills:
 * Level 14.5 Fighting
 - Level 16.0 Axes
 * Level 5.6 Throwing
 * Level 12.7 Armour
 * Level 11.6 Dodging
 * Level 8.4 Stealth
 * Level 5.7 Evocations


You had 13 spell levels left.
You didn't know any spells.
Your spell library was empty.

Dungeon Overview and Level Annotations

Branches:
Dungeon (13/15)            Temple (1/1) D:5            Lair (5/5) D:11
 Shoals (2/4) Lair:3       Spider (2/4) Lair:3        Slime (0/5) Lair:4
    Orc (2/2) D:10            Elf (0/3) Orc:2       Volcano (visited)
 Vaults: D:13-14

Altars:
Ashenzari
Cheibriados
Dithmenos
Elyvilon
Fedhas
Gozag
Hepliaklqana
Kikubaaqudgha
Makhleb
Nemelex Xobeh
Okawaru
Qazlal
Ru
Sif Muna
Trog
Uskayaw
Vehumet
Wu Jian
Xom
Yredelemnul
Zin
Jiyva

Shops:
D:4 :   D:10 ?

Annotations:
D:1 exclusion: downstairs
D:6 3 runed translucent doors, NeverExisted's ghost, novice MiBe
D:8 2 transporters
D:10 1 runed translucent door
D:11 1 runed translucent door, exclusion: downstairs, ExZ's ghost, journeyman MiFi
D:12 exclusion: downstairs
Lair:2 exclusion: upstairs, Gastronok
Lair:4 exclusion: downstairs
Lair:5 exclusion: upstairs
Shoals:1 exclusion: downstairs
Shoals:2 Ilsuiw
Spider:1 3 runed translucent doors, Detar's ghost, adept HOFi
Spider:2 Agnes
Orc:1 exclusion: downstairs


Innate Abilities, Weirdness & Mutations

You have a pair of horns on your head.
You reflexively headbutt those who attack you in melee.
Your body sometimes deteriorates upon taking damage.
You are frail. (-10% HP)


Message History

Unknown command.
You barely miss Arachne. Your headbutt misses Arachne.
Arachne is severely wounded.
Your troll bites Arachne!
Your troll claws Arachne!
Your troll claws Arachne.
Arachne casts a spell at your troll. The bolt of poison hits your troll!!
You slice Arachne!! You drain Arachne!
Arachne is almost dead.
Your troll closely misses Arachne.
Your troll barely misses Arachne.
Your troll claws Arachne.
You barely miss Arachne. You headbutt Arachne.
Arachne is almost dead.
Arachne's staff shoots out a stream of webbing.
The stream of webbing hits you but does no damage.
You are caught in a web!
The web tears apart.
Your troll misses Arachne.
Your troll claws Arachne.
Your troll claws Arachne!
Arachne dies!
Trog accepts your kill.
Trog appreciates your killing of a magic user.
You feel your intelligence returning.
You slash the jumping spider! You drain the jumping spider.
You headbutt the jumping spider!
You kill the jumping spider!
Trog accepts your kill.
Your troll rages.
Char dumped successfully.
Your troll barely misses Agnes.
Your troll claws Agnes!
Your troll misses Agnes.
You see here a demonic crawler corpse.
Your troll closely misses Agnes.
Your troll barely misses Agnes.
Your troll closely misses Agnes.
Agnes attacks as you move away!
Agnes hits you with a +0 vampiric lajatang!!
* * * LOW HITPOINT WARNING * * *
You miss Agnes. Your headbutt misses Agnes.
Agnes is moderately wounded.
Agnes says, "You will find the Path of Peace easy to follow, in death."
Agnes hits you with a +0 vampiric lajatang!!
You die...

#....##..... ###..#.#
#....###...###.....##
##.....##...#.........
#......#...#...s......
##..........^........i.
#....†...###$..........
#........##.........H#
#...i....##.§....###s.
###†#@...##.#######§.#
#T.###.##..........## ##|##
#?..#..........
#..####...#####.............
#..^.......<..^............
#.####....i...##...........
##.......##...........
##.......#####....###
#.#####.######!.##


You could see Agnes.

Vanquished Creatures
  A ghost moth (Spider:2)
  An alligator snapping turtle (Shoals:1)
  5 boulder beetles
  2 centaur warriors
  6 two-headed ogres
  6 death yaks (Lair:5)
  A tengu warrior (D:13)
  Sonja (Orc:2)
  A pharaoh ant (Spider:1)
  2 sea snakes
  A steelbarb worm (Spider:2)
  2 deep elf pyromancers
  A shining eye (shapeshifter) (D:12)
  2 cyclopes
  An ugly thing (D:13)
  2 manticores (Shoals:1)
  6 elephants (Lair:2)
  3 merfolk sirens
  A torpor snail (Spider:2)
  A water nymph (Shoals:1)
  7 black mambas
  6 cane toads
  An unseen horror (D:12)
  10 komodo dragons
  3 demonic crawlers (Spider:2)
  2 rime drakes
  2 trolls (D:10)
  3 meliai
  2 tarantellas (Spider:1)
  3 hornets
  7 merfolk
  2 polar bears
  5 blink frogs (Lair:4)
  9 slime creatures (D:12)
  7 jumping spiders
  A water elemental (Shoals:1)
  A shadow (D:11)
  5 culicivoras
  Sigmund (D:2)
  2 fire bats (Volcano)
  4 wyverns
  2 wraiths
  29 yaks
  2 basilisks
  2 steam dragons
  12 redbacks (Spider:1)
  23 vampire mosquitoes
  2 wargs
  2 acid dragons
  17 water moccasins
  10 orc warriors
  A sky beast (D:7)
  An ice beast (D:6)
  A black bear (D:8)
  2 ogres
  7 wolves
  8 centaurs
  2 kobold brigands
  5 necrophages
  6 bullfrogs
  A gnoll sergeant (D:8)
  32 killer bees
  4 howler monkeys
  3 lava snakes (Volcano)
  7 hounds
  20 jellies
  7 orc priests
  2 iguanas
  Jessica (D:3)
  Natasha (D:2)
  A gnoll bouda (D:7)
  7 orc wizards
  11 gnolls
  4 adders
  A shadow imp (D:6)
  A white imp (D:7)
  3 ufetubi
  3 worms
  4 dart slugs
  35 orcs
  12 ball pythons
  8 endoplasms
  6 giant cockroaches
  2 goblins
  2 hobgoblins (D:4)
  8 jackals
  15 kobolds
  4 quokkas
  5 bats
  3 frilled lizards
  7 rats
483 creatures vanquished.

Vanquished Creatures (collateral kills)
  Arachne (Spider:2)
  A jumping spider (Spider:2)
2 creatures vanquished.

Vanquished Creatures (others)
  A centaur simulacrum (D:10)
  A boggart (D:10)
  A centaur (D:10)
  An ogre (Orc:2)
  19 fungi
  29 plants
  8 toadstools (Lair:1)
60 creatures vanquished.

Grand Total: 545 creatures vanquished

Notes
Turn   | Place    | Note
-------+----------+-------------------------------------------
     0 | D:1      | Acheron the Minotaur Berserker began the quest for the Orb.
     0 | D:1      | Reached XP level 1. HP: 19/19 MP: 0/0
   225 | D:1      | Reached XP level 2. HP: 27/27 MP: 1/1
   286 | D:1      | Reached skill level 4 in Axes
   752 | D:2      | Reached ** piety under Trog
   755 | D:2      | Reached XP level 3. HP: 27/33 MP: 2/2
   830 | D:2      | Noticed Sigmund
  1041 | D:3      | Reached skill level 1 in Stealth
  1041 | D:3      | Reached XP level 4. HP: 29/40 MP: 3/3
  1297 | D:2      | Killed Sigmund
  1298 | D:2      | Reached skill level 5 in Axes
  1298 | D:2      | Reached XP level 5. HP: 47/47 MP: 4/4
  1324 | D:3      | Noticed Jessica
  1592 | D:2      | Noticed Natasha
  1600 | D:2      | Killed Natasha
  1601 | D:2      | Reached XP level 6. HP: 40/53 MP: 5/5
  1882 | D:3      | Killed Jessica
  2170 | D:4      | Found Moaclam's Book Shoppe.
  2180 | D:5      | Entered Level 5 of the Dungeon
  2243 | D:4      | Reached *** piety under Trog
  2585 | D:4      | Found a broken altar of Ashenzari.
  2720 | D:5      | Reached skill level 6 in Axes
  2720 | D:5      | Reached XP level 7. HP: 60/60 MP: 6/6
  2971 | D:5      | Found a staircase to the Ecumenical Temple.
  2987 | Temple   | Entered the Ecumenical Temple
  3534 | D:6      | Found a shimmering blue altar of Sif Muna.
  3554 | D:6      | Reached skill level 5 in Armour
  3554 | D:6      | Reached skill level 5 in Dodging
  3556 | D:6      | Found a runed translucent gate.
  3556 | D:6      | Found an opulent altar of Gozag.
  3557 | D:6      | Found a runed translucent gate.
  3557 | D:6      | Found a runed translucent gate.
  3557 | D:6      | Noticed a two-headed ogre
  3557 | D:6      | Noticed a yak
  3557 | D:6      | Noticed NeverExisted's ghost (novice MiBe)
  3585 | D:6      | Reached skill level 5 in Fighting
  3811 | D:7      | Found a stormy altar of Qazlal.
  4131 | D:8      | Found a transporter.
  4148 | D:8      | Found an ancient bone altar of Kikubaaqudgha.
  4155 | D:8      | Found a snail-covered altar of Cheibriados.
  4173 | D:7      | Reached skill level 7 in Axes
  4177 | D:7      | Reached XP level 8. HP: 24/68 MP: 7/7
  4617 | D:6      | Reached **** piety under Trog
  4899 | D:6      | Reached skill level 8 in Axes
  4906 | D:6      | Found a glowing silver altar of Zin.
  4909 | D:6      | Found a bloodstained altar of Trog.
  4909 | D:6      | Found an iron altar of Okawaru.
  4921 | D:6      | Found a basalt altar of Yredelemnul.
  4921 | D:6      | Found a radiant altar of Vehumet.
  4921 | D:6      | Found a shimmering altar of Xom.
  5410 | D:7      | Found a burning altar of Makhleb.
  5593 | D:7      | Reached XP level 9. HP: 74/75 MP: 8/8
  5651 | D:7      | Reached skill level 9 in Axes
  5910 | D:8      | Found an ornate altar of the Wu Jian Council.
  6005 | D:8      | Reached skill level 10 in Axes
  6091 | D:8      | Found a transporter.
  6163 | D:8      | Noticed a two-headed ogre
  6177 | D:8      | Killed a two-headed ogre
  6178 | D:8      | Reached skill level 5 in Stealth
  6178 | D:8      | Reached XP level 10. HP: 84/84 MP: 9/9
  6245 | D:8      | Identified the +0 ring mail "Xaomaig" {rC+ Str+4}
  6685 | D:9      | Found a sparkling altar of Nemelex Xobeh.
  6690 | D:9      | Reached skill level 11 in Axes
  6714 | D:10     | Entered Level 10 of the Dungeon
  6889 | D:10     | Found a staircase to the Orcish Mines.
  7591 | D:9      | Reached ***** piety under Trog
  7797 | D:11     | Found a runed translucent door.
  7827 | D:11     | Noticed ExZ's ghost (journeyman MiFi)
  7928 | D:11     | Found a staircase to the Lair.
  7984 | D:11     | Reached skill level 12 in Axes
  8078 | D:11     | Noticed a two-headed ogre
  8088 | D:11     | Killed a two-headed ogre
  8142 | D:11     | Noticed an eight-headed hydra
  8297 | D:11     | Reached XP level 11. HP: 88/94 MP: 10/10
  8853 | D:10     | Noticed a two-headed ogre
  8866 | D:10     | Found Piuwn's Magic Scroll Emporium.
  9041 | D:10     | Paralysed by a hornet for 3 turns
  9151 | Orc:1    | Entered Level 1 of the Orcish Mines
  9251 | Orc:1    | You fall into a shaft and drop 1 floor!
  9251 | Orc:2    | Entered Level 2 of the Orcish Mines
  9251 | Orc:2    | Noticed an orc knight
  9251 | Orc:2    | Noticed an orc sorcerer
  9251 | Orc:2    | Noticed an orc sorcerer
  9255 | Orc:2    | Reached skill level 1 in Evocations
  9257 | Orc:2    | Noticed a soul eater
  9258 | Orc:2    | Noticed an orc knight
  9265 | Orc:2    | Noticed an orc sorcerer
  9267 | Orc:2    | Noticed Sonja
  9277 | Orc:2    | Killed Sonja
  9279 | Orc:2    | Found a staircase to the Elven Halls.
  9280 | Orc:2    | Noticed a two-headed ogre
  9372 | D:10     | Reached skill level 13 in Axes
  9676 | Orc:2    | Paralysed by an orc sorcerer for 3 turns
  9877 | D:10     | Killed a two-headed ogre
  9878 | D:10     | Reached skill level 10 in Armour
  9969 | D:10     | Noticed a boulder beetle
  9969 | D:10     | Noticed a centaur warrior
  9970 | D:10     | Noticed a deep elf pyromancer
  9971 | D:10     | Noticed a deep elf pyromancer
  9972 | D:10     | Noticed a two-headed ogre
  9975 | D:10     | Killed a centaur warrior
  9993 | D:10     | Killed a boulder beetle
 10077 | D:10     | Noticed a boulder beetle
 10096 | D:10     | Noticed a boulder beetle
 10097 | D:10     | Found a runed translucent door.
 10127 | D:10     | Killed a boulder beetle
 10142 | D:10     | Killed a deep elf pyromancer
 10180 | D:10     | Bought a scroll of teleportation for 42 gold pieces
 10180 | D:10     | Bought a scroll of fear for 56 gold pieces
 10180 | D:10     | Bought a scroll of teleportation for 42 gold pieces
 10415 | D:13     | Noticed a tengu warrior
 10420 | D:13     | Killed a tengu warrior
 10421 | D:13     | Reached skill level 1 in Throwing
 10464 | D:12     | Reached XP level 12. HP: 98/105 MP: 11/11
 10550 | D:13     | Noticed a centaur warrior
 10550 | D:13     | Noticed a centaur warrior
 10550 | D:13     | Found a frozen archway.
 10733 | D:13     | Noticed a boulder beetle
 10982 | D:13     | Reached skill level 14 in Axes
 11026 | D:13     | Noticed a boulder beetle
 11040 | D:13     | Killed a boulder beetle
 11088 | D:13     | Noticed a centaur warrior
 11094 | D:13     | Reached skill level 10 in Fighting
 11098 | D:13     | Killed a centaur warrior
 11245 | D:12     | Noticed a two-headed ogre
 11245 | D:12     | Noticed a two-headed ogre
 11245 | D:12     | Noticed a two-headed ogre
 11271 | D:12     | Killed a two-headed ogre
 11274 | D:12     | Killed a two-headed ogre
 11279 | D:12     | Killed a two-headed ogre
 11444 | D:12     | Reached skill level 10 in Dodging
 11515 | D:12     | Received a gift from Trog
 11580 | D:12     | Reached skill level 15 in Axes
 11596 | D:12     | Gained mutation: Your body sometimes deteriorates upon
                  | taking damage. [a shining eye]
 11598 | D:12     | Gained mutation: You are frail. (-10% HP) [a shining eye]
 11863 | Lair:1   | Entered Level 1 of the Lair of Beasts
 12010 | Lair:1   | You fall into a shaft and drop 1 floor!
 12179 | Lair:2   | Found a dark tunnel.
 12188 | Volcano  | Entered a volcano
 12413 | Lair:2   | Reached XP level 13. HP: 92/103 MP: 12/12
 12785 | Lair:2   | Noticed Gastronok
 13182 | Lair:3   | Found a hole to the Spider Nest.
 13251 | Lair:4   | Reached skill level 16 in Axes
 13263 | Lair:4   | Reached ****** piety under Trog
 13569 | Lair:5   | Entered Level 5 of the Lair of Beasts
 13628 | Lair:4   | Found a viscous altar of Jiyva.
 13629 | Lair:4   | Found a staircase to the Slime Pits.
 13656 | Lair:4   | Received a gift from Trog
 13817 | Lair:5   | Identified the +3 ring mail of Palae {rPois rN+++ Str+4
                  | Stlth+}
 14009 | Lair:5   | Reached skill level 5 in Evocations
 14204 | Lair:3   | Found a hide-covered altar of Uskayaw.
 14576 | Lair:3   | Reached XP level 14. HP: 102/116 MP: 13/13
 14616 | Lair:3   | Reached skill level 5 in Throwing
 14618 | Lair:3   | Found a staircase to the Shoals.
 14636 | Shoals:1 | Entered Level 1 of the Shoals
 15048 | Shoals:2 | Noticed Ilsuiw
 15405 | Spider:1 | Entered Level 1 of the Spider Nest
 15408 | Spider:1 | Received a gift from Trog
 15468 | Spider:2 | Killed a ghost moth
 15671 | Spider:2 | Noticed an emperor scorpion
 15695 | Spider:1 | Found a runed translucent gate.
 15697 | Spider:1 | Found a runed translucent gate.
 15698 | Spider:1 | Found a runed translucent gate.
 15700 | Spider:1 | Noticed Detar's ghost (adept HOFi)
 15937 | Spider:2 | Noticed Agnes
 16024 | Spider:2 | Noticed Arachne
 16071 | Spider:2 | Killed Arachne
 16076 | Spider:2 | Mangled by Agnes

Illustrated notes

Levels and vault maps discovered:
D:1:      lightli_arrival_boilingwater, layout_rooms
D:2:      layout_loops_corners, uniq_sigmund, uniq_natasha
D:3:      layout_loops_ring, overflow_temple_1_default,
          kennysheep_generic_room_11, uniq_crazy_yiuf_cottage, uniq_jessica
D:4:      layout_loops_ring, general_overflow_altar, serial_shops,
          nicolae_shop_advertising_works [nicolae_subvault_shop_adworks]
D:5:      layout_cave_pods, minmay_temple_entry_trees, glass_columns_a
D:6:      layout_loops_ring, grunt_temple_overflow_open, ebering_ghost_gozag
D:7:      layout_basic, kennysheep_little_box, mainiacjoe_overflow_24_doors,
          enter_ossuary_5, nrook_mini_vaults
D:8:      gammafunk_cloud_chamber, layout_loops_ring,
          mainiacjoe_overflow_six_doors_small, kiku_gazebo_pond_becter,
          nicolae_wu_jian_immortal_techniques
D:9:      layout_grid_maze, nemelex_xobeh_ov_fountains_minmay
D:10:     minmay_the_grid_triangle_9x9_recursive_2_mashed
          [minmay_the_grid_triangle_9x9_prize_special,
          minmay_the_grid_triangle_9x9_subtriangle,
          minmay_the_grid_triangle_9x9_wacky_v,
          minmay_the_grid_triangle_9x9_dagger], layout_gridville, serial_shops,
          shop_scrolls, serial_rivers, chequers_serial_rivers_micro_d,
          chequers_serial_rivers_small_a, chequers_serial_rivers_micro_c,
          chequers_serial_rivers_small_a, chequers_serial_rivers_marsh
D:11:     layout_loops_corners, david_lair_shrubbed, hellmonk_ghost_big_iron,
          due_unseen_surprise
D:12:     layout_basic, hellmonk_guarded_unrand_dark_maul
D:13:     layout_roguey [special_room_bee], portal_ice_cave_entry_pillars_2
Temple:   hellmonk_temple_beads
Lair:1:   gammafunk_lair_enchanted_lake, layout_big_grid, minivault_26,
          grunt_forest_large_clearing_hut
Lair:2:   layout_small_grid, lightli_volcano_entry_magma_tube,
          lemuel_fruit_fields, grunt_megastairs_4, uniq_gastronok
Lair:3:   layout_concentric_octagons, elwin_shoals_entry_rooms,
          hellmonk_spider_entry_not_the_bees, basic_altar
Lair:4:   layout_regular_city, minmay_slime_entry_jelly_boxes,
          beast_lair_carwin_11, lemuel_fruit_fields, infiniplex_staircase_pool
Lair:5:   hellmonk_lair_end_abyssal_woods, layout_gridlike,
          chequers_serial_rivers_small_3
Shoals:1: layout_shoals, nicolae_shoals_mertower
Shoals:2: layout_shoals, uniq_polyphemus, uniq_ilsuiw
Spider:1: layout_spider_delve, gammafunk_ghost_necromancy,
          nicolae_spider_rock_and_or_roll
Spider:2: layout_chambers, nicolae_spider_eight_legs, uniq_agnes, uniq_arachne,
          uniq_frances, uniq_aizul
Orc:1:    layout_caves
Orc:2:    hellmonk_orc_salted, layout_diamond_mine, lightli_church_of_beogh,
          uniq_sonja

Skill      XL: |  1  2  3  4  5  6  7  8  9 10 11 12 13 14 |
---------------+-------------------------------------------+-----
Axes           | 4 5 6 7 8 10 12 13 15 16 | 16.0
Fighting       | 4 5 6 7 9 10 13 14 | 14.5
Armour         | 3 4 5 7 8 9 10 11 12 | 12.7
Dodging        | 3 4 5 6 7 8 9 10 11 | 11.6
Stealth        | 1 2 3 5 6 7 8 |  8.4
Evocations     | 2 4 5 |  5.7
Throwing       | 1 3 4 5 |  5.6

Action                   |  1- 3 |  4- 6 |  7- 9 | 10-12 | 13-15 || total
-------------------------+-------+-------+-------+-------+-------++-------
Melee: Hand axe          |    69 |    89 |       |       |       ||   158
       Headbutt          |     9 |    12 |    34 |   103 |   130 ||   288
       War axe           |       |    30 |   231 |   495 |   508 ||  1264
       Punch             |       |       |     3 |     7 |     4 ||    14
Throw: Javelin           |       |     2 |       |       |       ||     2
       Dart              |       |       |       |     8 |       ||     8
       Boomerang         |       |       |       |       |    11 ||    11
Invok: Berserk           |       |       |     1 |     2 |     3 ||     6
       Trog's Hand       |       |       |       |       |     1 ||     1
       Brothers in Arms  |       |       |       |       |     1 ||     1
  Use: Scroll            |     6 |     4 |    12 |    14 |     8 ||    44
       Potion            |       |       |       |     5 |     4 ||     9
 Stab: Sleeping          |       |       |     6 |     8 |     3 ||    17
       Distracted        |       |       |       |     1 |       ||     1
Armor: Animal skin       |    13 |       |       |       |       ||    13
       Ring mail         |     4 |    48 |    90 |   198 |   168 ||   508
       Chain mail        |       |       |       |     1 |   118 ||   119
Dodge: Dodged            |    59 |    58 |   157 |   384 |   301 ||   959
